 Dungeon Crawl Stone Soup version 0.22.1-2-g9c5b331 (webtiles) character file.

1416 delarado the Arsonist (level 8, -1/41 HPs)
             Began as a Deep Elf Fire Elementalist on Jan 6, 2019.
             Slain by a slave (5 damage)
             ... led by Pikel
             ... on level 6 of the Dungeon.
             The game lasted 00:20:50 (7605 turns).

delarado the Arsonist (Deep Elf Fire Elementalist)  Turns: 7605, Time: 00:20:51

Health: -1/41      AC:  3    Str:  5    XL:     8   Next: 43%
Magic:  2/14       EV: 13    Int: 23    God:
Gold:   135        SH:  0    Dex: 15    Spells: 0/13 levels left

rFire    . . .     SeeInvis .   j - +1 hunting sling (velocity)
rCold    . . .     Gourm    .   (no shield)
rNeg     . . .     Faith    .   t - +0 robe {MR+}
rPois    .         Spirit   .   (no helmet)
rElec    .         Reflect  .   (no cloak)
rCorr    .         Harm     .   i - +0 pair of gloves
MR       +....                  (no boots)
Stlth    ++........             (no amulet)
HPRegen  0.13/turn              (no ring)
MPRegen  0.14/turn              (no ring)

@: no status effects
A: no striking features
a: no special abilities


You were on level 6 of the Dungeon.
You were hungry.

You visited 2 branches of the dungeon, and saw 8 of its levels.

You collected 225 gold pieces.
You spent 90 gold pieces at shops.

Inventory:

Hand Weapons
 d - a +0 club
 e - a +0 short sword
 j - a +1 hunting sling of velocity (weapon)
Missiles
 h - a throwing net
 k - 230 stones
 m - 12 tomahawks
 n - 26 sling bullets (quivered)
Armour
 a - a +0 robe
 i - a +0 pair of gloves (worn)
 t - a +0 robe of magic resistance (worn)
 u - a +0 buckler
 v - a cursed +0 cloak
Wands
 s - a wand of polymorph (11)
Scrolls
 o - 3 scrolls of magic mapping {unknown}
 r - a scroll of fog {unknown}
 w - a scroll of enchant armour {unknown}
Potions
 b - a potion of resistance
 f - a potion of might
 g - 3 potions of flight
 l - a potion of haste
 p - 2 potions of curing
 q - a potion of invisibility {unknown}
 x - a potion of agility {unknown}
Comestibles
 c - 7 rations
 z - 3 chunks of flesh


   Skills:
 - Level 2.4 Dodging
 - Level 2.4 Stealth
 - Level 3.0 Spellcasting
 + Level 8.1 Conjurations
 + Level 8.8 Fire Magic


You couldn't memorise any spells.
You knew the following spells:

 Your Spells              Type           Power        Failure   Level  Hunger
a - Flame Tongue          Conj/Fire      #####        1%          1    None
b - Conjure Flame         Conj/Fire      #####...     1%          3    ###....
c - Sticky Flame          Conj/Fire      #####...     3%          4    ####...
d - Fireball              Conj/Fire      #####.....   10%         5    ######.

Your spell library contained the following spells:

 Spells                   Type           Power        Failure   Level  Hunger
 Throw Flame              Conj/Fire      #####.       1%          2    ##.....
 Inner Flame              Hex/Fire       ###.....     6%          3    ###....


Dungeon Overview and Level Annotations

Branches:
Dungeon (7/15)             Temple (1/1) D:6

Altars:
Ashenzari
Cheibriados
Dithmenos
Elyvilon
Fedhas
Gozag
Kikubaaqudgha
Makhleb
Nemelex Xobeh
Okawaru
Qazlal
Ru
Sif Muna
Trog
Wu Jian
Xom
Yredelemnul
Zin
The Shining One

Annotations:
D:3 Sigmund
D:6 1 exclusion
D:7 Pikel


Message History

You are feeling hungry.
The slave burns! x2; The slave barely misses you.
The slave misses you. The slave closely misses you.
The slave burns! x2; The slave hits you. x2; The slave hits you!
* * * LOW HITPOINT WARNING * * *
You climb upwards.
Level annotation: 1 exclusion
There is a stone staircase leading down here.
The slave burns! x2; The slave barely misses you.
The slave hits you!
* * * LOW HITPOINT WARNING * * *
Casting: Sticky Flame (safe; 3% risk of failure)
Confirm with . or Enter, or press ? or * to list all spells.
Aiming: Sticky Flame (safe; 3% risk of failure)
Press: ? - help, Shift-Dir - straight line, f - slave
Aim: a slave, wearing an animal skin The sticky flame hits the slave.
The slave is lightly wounded.
The slave is covered in liquid flames!
The slave burns! x2
The slave stops burning.
The slave burns!
The slave hits you.
You die...

....# #.......#.#...#
....####.####..#.#...#
....'..#.# #........#
....##.#.# #..#.#...#
....##...# #....#.###
#...###### #..<.#.#
#...##########...#.#
'...'...........p#.#
#...##########.p@p.#
#...# ####### #####


You could see 3 slaves.

Vanquished Creatures
  A water moccasin (D:5)
  An orc warrior (D:6)
  A slave (D:7)
  A necrophage (D:4)
  A centaur (D:5)
  A big kobold (D:7)
  An electric eel (D:6)
  2 howler monkeys (D:5)
  A crimson imp (D:6)
  A jelly (D:5)
  3 orc wizards
  A centaur skeleton (D:7)
  5 hounds
  An orc priest (D:4)
  A bullfrog skeleton (D:5)
  5 iguanas
  2 worker ants (D:5)
  A hound zombie (D:6)
  2 hound skeletons
  A worker ant zombie (D:7)
  8 adders
  2 shadow imps
  5 oozes
  An adder skeleton (D:6)
  4 worms
  2 dart slugs
  5 leopard geckos
  20 orcs
  4 ball pythons
  7 giant cockroaches
  11 goblins
  10 hobgoblins
  6 jackals
  11 kobolds
  8 bats
  6 frilled lizards
  A leopard gecko skeleton (D:4)
  A leopard gecko zombie (D:5)
  A quokka skeleton (D:6)
  7 rats
153 creatures vanquished.

Notes
Turn   | Place    | Note
-------+----------+-------------------------------------------
     0 | D:1      | delarado the Deep Elf Fire Elementalist began the quest for
                  | the Orb.
     0 | D:1      | Reached XP level 1. HP: 10/10 MP: 6/6
    83 | D:1      | Reached XP level 2. HP: 15/15 MP: 1/8
   619 | D:1      | Reached XP level 3. HP: 19/19 MP: 4/9
  1341 | D:2      | Found a white marble altar of Elyvilon.
  1341 | D:2      | Found an ancient bone altar of Kikubaaqudgha.
  1464 | D:2      | Learned a level 3 spell: Conjure Flame
  2040 | D:3      | Reached XP level 4. HP: 24/24 MP: 10/10
  2219 | D:3      | Found Zin's Purification Station.
  2220 | D:3      | Found a glowing silver altar of Zin.
  2227 | D:3      | Bought a potion of curing for 90 gold pieces
  2570 | D:3      | Reached skill level 5 in Fire Magic
  2570 | D:3      | Reached XP level 5. HP: 23/28 MP: 8/11
  2819 | D:3      | Noticed Sigmund
  3692 | D:4      | Reached XP level 6. HP: 19/32 MP: 7/12
  4161 | D:4      | Reached skill level 5 in Conjurations
  4283 | D:4      | Learned a level 4 spell: Sticky Flame
  4473 | D:5      | Entered Level 5 of the Dungeon
  4505 | D:5      | Noticed a water moccasin
  4526 | D:5      | Killed a water moccasin
  4526 | D:5      | Reached XP level 7. HP: 36/36 MP: 4/13
  4998 | D:5      | Found a burning altar of Makhleb.
  5653 | D:6      | Reached XP level 8. HP: 27/41 MP: 9/14
  5791 | D:6      | HP: 1/41 [orc warrior/trident (18)]
  6274 | D:6      | Learned a level 5 spell: Fireball
  6750 | D:6      | Found a staircase to the Ecumenical Temple.
  6761 | Temple   | Entered the Ecumenical Temple
  7427 | D:7      | Noticed Pikel
  7605 | D:6      | Slain by a slave

Skill      XL: |  1  2  3  4  5  6  7  8 |
---------------+-------------------------+-----
Conjurations   | 2 3 4 5 7 8 |  8.1
Fire Magic     | 4 5 6 7 8 |  8.8
Dodging        | |  2.4
Stealth        | |  2.4
Spellcasting   | |  3.0

Action                   |  1- 3 |  4- 6 |  7- 9 || total
-------------------------+-------+-------+-------++-------
 Fire: Hunting sling     |    45 |   125 |   172 ||   342
Throw: Throwing net      |     1 |       |       ||     1
 Cast: Flame Tongue      |    56 |    42 |    25 ||   123
       Conjure Flame     |       |     2 |     2 ||     4
       Sticky Flame      |       |     1 |    25 ||    26
       Fireball          |       |       |     2 ||     2
Evoke: Wand              |       |     4 |       ||     4
  Use: Scroll            |       |     4 |     3 ||     7
  Eat: Chunk             |     3 |     8 |    11 ||    22
       Ration            |       |       |     1 ||     1
Armor: Robe              |     4 |     7 |    11 ||    22
Dodge: Dodged            |    12 |    31 |    65 ||   108
